 Dungeon Crawl Stone Soup version 0.20.1-1-g8b1a95d (webtiles) character file.

10633 markt42 the Basher (level 11, -4/59 HPs)
             Began as a Gargoyle Fighter on Oct 21, 2017.
             Was a High Priest of Okawaru.
             Slain by a large slime creature (7 damage)
             ... on level 11 of the Dungeon.
             The game lasted 00:14:53 (10466 turns).

markt42 the Basher (Gargoyle Fighter)              Turns: 10466, Time: 00:14:54

Health: -4/59      AC: 33    Str: 22    XL:     11   Next: 65%
Magic:  0/11       EV:  6    Int:  6    God:    Okawaru [*****.]
Gold:   561        SH: 20    Dex: 13    Spells: 10/10 levels left

rFire    . . .     SeeInvis .   E - +5 flail (protect)
rCold    . . .     Gourm    .   l - +0 large shield
rNeg     + + .     Faith    .   b - +0 plate armour
rPois    ∞         Spirit   +   (helmet restricted)
rElec    +         Reflect  +   r - scarf {Spirit}
rCorr    .         Harm     .   F - +0 pair of gloves
MR       .....                  (no boots)
Stlth    ..........             a - +3 amulet of reflection
Regen    0.2/turn               q - ring of positive energy
MPRegen  0.2/turn               G - +4 ring of protection

@: finesse, protection aura
A: antennae 1, repulsion field 1, agile 1, dopey 1, frail 1, negative energy
resistance 1, sense surroundings 1, screaming 1, electricity resistance,
unbreathing, evolution 1, petrification resistance, rot immunity, AC +7
a: Heroism, Finesse, Renounce Religion


You were on level 11 of the Dungeon.
You worshipped Okawaru.
Okawaru was extremely pleased with you.
You were not hungry.

You visited 2 branches of the dungeon, and saw 12 of its levels.
You also visited: Sewer and Ossuary.

You collected 673 gold pieces.
You spent 112 gold pieces at shops.

Inventory:

Hand Weapons
 E - a +5 flail of protection (weapon)
Armour
 b - a +0 plate armour (worn)
 l - a +0 large shield (worn)
 r - a scarf of spirit shield (worn)
 z - a +0 helmet of see invisible
 F - a +0 pair of gloves (worn)
Jewellery
 a - a +3 amulet of reflection (around neck)
 q - a ring of positive energy (left hand)
 u - an uncursed ring of flight
 C - an uncursed ring of resist corrosion
 G - a +4 ring of protection (right hand)
Wands
 c - a wand of polymorph (14/24)
 t - a wand of random effects (40/48)
 B - a wand of disintegration (11/24)
 H - a wand of iceblast (1/15)
Scrolls
 g - 7 scrolls of identify
 h - 9 scrolls of teleportation
 j - 3 scrolls of magic mapping
 m - 2 scrolls of recharging
 s - a scroll of fear
 y - a scroll of brand weapon {unknown}
 D - 3 scrolls of remove curse
Potions
 e - 5 potions of curing
 i - a potion of cancellation
 n - a potion of flight
 p - 6 potions of heal wounds
 w - a potion of invisibility
 x - a potion of magic
Comestibles
 d - 3 fruits
 f - 10 bread rations
 k - 13 royal jellies
 o - 3 chunks of flesh
 v - 5 meat rations


   Skills:
 + Level 6.8 Fighting
 * Level 13.1 Maces & Flails
 * Level 9.0 Armour
 + Level 1.7 Dodging
 + Level 8.9 Shields


You had 10 spell levels left.
You didn't know any spells.

Dungeon Overview and Level Annotations

Branches:
Dungeon (12/15)            Temple (1/1) D:4            Lair (0/6) D:9
    Orc: D:9-12

Altars:
Ashenzari
Cheibriados
Dithmenos
Elyvilon
Fedhas
Gozag
Hepliaklqana
Kikubaaqudgha
Makhleb
Nemelex Xobeh
Okawaru
Qazlal
Ru
Sif Muna
Trog
Uskayaw
Vehumet
Xom
Yredelemnul
Zin
The Shining One

Shops:
D:5 (==   D:9 ?   D:11 }

Annotations:
D:11 Rupert


Innate Abilities, Weirdness & Mutations

You are resistant to torment.
Your stone body is resilient. (AC +7)
You are immune to poison.
You resist negative energy. (rN+)
You are resistant to electric shocks. (rElec)
You can survive without breathing.
You are immune to petrification.
You are immune to rotting.
You have a pair of small antennae on your head.
You are surrounded by a mild repulsion field. (EV +2)
You are agile. (Dex +2)
You are dopey. (Int -2)
You are frail. (-10% HP)
You passively map a small area around you.
You occasionally shout uncontrollably at your foes.
You evolve.


Message History

* * * LOW HITPOINT WARNING * * *
The slime creature hits you but does no damage.
You block Rupert's attack.
You hit Rupert but do no damage.
Rupert is lightly wounded.
Unknown command.
You hit Rupert.
Rupert is lightly wounded.
You block the ice beast's attack. The slime creature barely misses you.
You block the orc's attack.
You block the large slime creature's attack.
Rupert hits you but does no damage. You block the slime creature's attack.
Unknown command.
You sock Rupert!
Rupert is lightly wounded.
Your shield and plate armour prevent you from hitting Rupert.
Rupert is lightly wounded.
The ice beast hits you but does no damage.
You block the slime creature's attack. The large slime creature hits you!
You die...

# #..# #.# # #..# #.#
##########..#####.#####
......................#
......................#
....................###
....................#
...............Yo...#
......#'######.@@J..#
......#......#.JJ...##
......#......#.......#
####..#......#.......#
#..#......##......#
#..#..(....#......#
#..#.......#......#
#..#.......#......#
#..#####)###......#


You could see Rupert (berserk), a large slime creature, 2 slime creatures, an
ice beast and an orc.

Vanquished Creatures
  Harold (D:10)
  A two-headed ogre (D:10)
  The ghost of equalderp2856 the Cleaver, a novice MiFi (D:7)
  A gargoyle (D:11)
  A komodo dragon (D:9)
  The ghost of ThereIsNoGod the Cudgeler, an amateur TrFi (D:5)
  Prince Ribbit (D:7)
  5 hippogriffs
  A human (D:8)
  2 wyverns
  3 hogs (D:8)
  5 yaks
  A black bear (D:10)
  2 ice beasts
  A sky beast (D:11)
  5 orc warriors
  2 phantoms
  2 ogres
  A centaur (D:5)
  3 eyes of draining
  A big kobold (Sewer)
  5 bullfrogs
  A gnoll sergeant (D:10)
  4 scorpions
  10 killer bees
  8 wights
  2 howler monkeys (D:8)
  3 crimson imps
  2 centaur zombies
  A centaur skeleton (D:8)
  A human zombie (Ossuary)
  A jelly (D:8)
  2 bullfrog zombies
  A bullfrog skeleton (D:5)
  4 orc priests
  4 hounds
  9 orc wizards
  Jessica (D:2)
  Natasha (thrice) (D:2)
  6 worker ants
  An iguana (D:5)
  A big kobold zombie (Ossuary)
  2 mummies (Ossuary)
  2 worker ant zombies
  A hound skeleton (D:10)
  9 gnolls
  2 howler monkey skeletons
  7 adders
  3 shadow imps
  2 oozes
  An adder zombie (Ossuary)
  2 adder skeletons
  3 worms
  A dart slug (D:2)
  9 leopard geckos
  41 orcs
  3 ball pythons
  4 giant cockroaches
  9 goblins
  10 hobgoblins
  22 jackals
  12 kobolds
  2 quokkas
  12 bats
  2 frilled lizards
  A goblin zombie (Ossuary)
  8 hobgoblin zombies (Ossuary)
  2 jackal skeletons
  A jackal zombie (Ossuary)
  6 kobold zombies (Ossuary)
  A leopard gecko skeleton (D:4)
  13 orc zombies (Ossuary)
  A quokka skeleton (D:8)
  17 rats
  3 rat zombies (Ossuary)
325 creatures vanquished.

Vanquished Creatures (others)
  A cyclops (D:11)
  A plant (D:9)
2 creatures vanquished.

Grand Total: 327 creatures vanquished

Notes
Turn   | Place    | Note
-------+----------+-------------------------------------------
     0 | D:1      | markt42 the Gargoyle Fighter began the quest for the Orb.
     0 | D:1      | Reached XP level 1. HP: 14/14 MP: 1/1
   127 | D:1      | Reached XP level 2. HP: 19/19 MP: 2/2
   678 | D:2      | Reached XP level 3. HP: 23/23 MP: 3/3
   809 | D:2      | Noticed Natasha
   815 | D:2      | Killed Natasha
   815 | D:2      | Reached skill level 3 in Maces & Flails
   840 | D:2      | Noticed Jessica
   845 | D:2      | Killed Jessica
   845 | D:2      | Reached XP level 4. HP: 26/29 MP: 4/4
   910 | D:2      | Noticed Natasha
   922 | D:2      | Killed Natasha
  1093 | D:2      | Reached XP level 5. HP: 33/33 MP: 5/5
  1342 | D:2      | Noticed Natasha
  1356 | D:2      | Killed Natasha
  1356 | D:2      | Reached skill level 4 in Maces & Flails
  1356 | D:2      | Reached skill level 1 in Dodging
  2079 | D:3      | Reached XP level 6. HP: 38/38 MP: 6/6
  2509 | D:4      | Gained mutation: Your natural rate of healing is unusually fast. [potion of mutation]
  2509 | D:4      | Gained mutation: You occasionally shout uncontrollably at your foes. [potion of mutation]
  2509 | D:4      | Gained mutation: You passively map a small area around you. [potion of mutation]
  2531 | D:4      | Reached skill level 5 in Maces & Flails
  2537 | D:4      | Lost mutation: You passively map a small area around you. [potion of mutation]
  2537 | D:4      | Lost mutation: You occasionally shout uncontrollably at your foes. [potion of mutation]
  2537 | D:4      | Lost mutation: Your natural rate of healing is unusually fast. [potion of mutation]
  2537 | D:4      | Gained mutation: You are surrounded by a mild repulsion field. (EV +2) [potion of mutation]
  2537 | D:4      | Gained mutation: You passively map a small area around you. [potion of mutation]
  2537 | D:4      | Gained mutation: You occasionally shout uncontrollably at your foes. [potion of mutation]
  2537 | D:4      | Gained mutation: You are agile. (Dex +2) [potion of mutation]
  2834 | D:4      | Found a staircase to the Ecumenical Temple.
  2844 | Temple   | Entered the Ecumenical Temple
  2983 | Temple   | Became a worshipper of Warmaster Okawaru
  3326 | D:5      | Entered Level 5 of the Dungeon
  3326 | D:5      | Found Marur's Jewellery Boutique.
  3328 | D:5      | Found a glowing drain.
  3349 | D:5      | Reached XP level 7. HP: 41/43 MP: 7/7
  3362 | Sewer    | Entered a sewer
  3455 | Sewer    | Found a glowing silver altar of Zin.
  3585 | D:5      | Found Vudeizex's Jewellery Emporium.
  3632 | D:5      | Reached skill level 6 in Maces & Flails
  3743 | D:5      | Reached skill level 5 in Shields
  3914 | D:5      | Found a bloodstained altar of Trog.
  3945 | D:5      | Reached XP level 8. HP: 38/48 MP: 0/8
  3954 | D:5      | Reached skill level 7 in Maces & Flails
  4045 | D:5      | Reached skill level 5 in Armour
  4108 | D:5      | Noticed ThereIsNoGod's ghost (amateur TrFi)
  4135 | D:5      | Killed ThereIsNoGod's ghost
  4135 | D:5      | Reached * piety under Okawaru
  4150 | D:5      | Reached skill level 8 in Maces & Flails
  4638 | D:5      | Found Tanail's Weapon Emporium.
  4838 | D:5      | You fall through a shaft for 2 floors!
  4905 | D:7      | Noticed Prince Ribbit
  4943 | D:7      | Noticed equalderp2856's ghost (novice MiFi)
  4959 | D:7      | Killed equalderp2856's ghost
  4959 | D:7      | Reached ** piety under Okawaru
  4959 | D:7      | Reached skill level 5 in Fighting
  4959 | D:7      | Reached skill level 9 in Maces & Flails
  4959 | D:7      | Reached XP level 9. HP: 41/54 MP: 9/9
  5182 | D:7      | Found a sand-covered staircase.
  5188 | Ossuary  | Entered an ossuary
  5306 | Ossuary  | Reached *** piety under Okawaru
  5632 | D:7      | Killed Prince Ribbit
  5632 | D:7      | Reached skill level 10 in Maces & Flails
  6349 | D:8      | Reached XP level 10. HP: 57/60 MP: 10/10
  6601 | D:8      | Reached **** piety under Okawaru
  6601 | D:8      | Reached skill level 11 in Maces & Flails
  7629 | D:9      | Found Kiphil's Magic Scroll Shop.
  7650 | D:9      | Bought a scroll of teleportation for 42 gold pieces
  7650 | D:9      | Bought a scroll of remove curse for 42 gold pieces
  7650 | D:9      | Bought a scroll of identify for 28 gold pieces
  8124 | D:9      | Found a staircase to the Lair.
  8278 | D:10     | Entered Level 10 of the Dungeon
  8579 | D:10     | Noticed a two-headed ogre
  8591 | D:10     | Killed a two-headed ogre
  8591 | D:10     | Reached ***** piety under Okawaru
  8591 | D:10     | Reached skill level 12 in Maces & Flails
  8703 | D:10     | Reached XP level 11. HP: 58/65 MP: 9/11
  8796 | D:10     | Noticed Harold
  8827 | D:10     | Killed Harold
  9733 | D:11     | Gained mutation: You are dopey. (Int -2) [mutagenic meat]
  9734 | D:11     | Gained mutation: You have a pair of small antennae on your head. [mutagenic meat]
  9735 | D:11     | Gained mutation: You are frail. (-10% HP) [mutagenic meat]
  9736 | D:11     | Gained mutation: You evolve. [mutagenic meat]
  9738 | D:11     | Found Bomif's Gadget Emporium.
  9884 | D:11     | Received a gift from Okawaru
 10206 | D:11     | Noticed a cyclops
 10210 | D:11     | Killed a cyclops
 10210 | D:11     | Reached skill level 13 in Maces & Flails
 10450 | D:12     | Noticed Rupert
 10451 | D:12     | Paralysed by Rupert for 6 turns
 10466 | D:11     | Slain by a large slime creature

Skill      XL: |  1  2  3  4  5  6  7  8  9 10 11 |
---------------+----------------------------------+-----
Maces & Flails | 3 4 5 6 9 10 12 13 | 13.1
Armour         | 4 6 7 8 9 |  9.0
Dodging        | 1 |  1.7
Fighting       | 4 5 6 |  6.8
Shields        | 4 5 6 7 8 |  8.9

Action                   |  1- 3 |  4- 6 |  7- 9 | 10-12 || total
-------------------------+-------+-------+-------+-------++-------
Melee: Flail             |    93 |       |       |   164 ||   257
       Morningstar       |     2 |   368 |   471 |   333 ||  1174
Invok: Finesse           |       |       |       |     1 ||     1
  Use: Potion            |       |     4 |     7 |     4 ||    15
       Scroll            |       |       |     7 |     9 ||    16
 Stab: Invisible         |       |       |     2 |       ||     2
  Eat: Chunk             |       |     7 |     7 |    14 ||    28
       Meat ration       |       |     1 |       |     1 ||     2
Armor: Scale mail        |    59 |   220 |       |       ||   279
       Plate armour      |       |   115 |   390 |   241 ||   746
       Chain mail        |       |    27 |       |       ||    27
Dodge: Dodged            |    32 |   175 |   176 |    97 ||   480
Block: Shield            |    47 |   281 |   357 |   246 ||   931
       Reflection        |       |       |       |     7 ||     7
       Large shield      |       |       |       |   194 ||   194
